 Dungeon Crawl Stone Soup version 0.30-a0-743-gbfdf073431 (webtiles) character file.

Game seed: 540567958476076730

63886 b0rk the Impaler (level 15, -4/126 HPs)
             Began as a Formicid Fighter on Feb 8, 2023.
             Was a High Priest of Okawaru.
             Splashed by a brown ugly thing's acid (9 damage)
             ... on level 14 of the Dungeon.
             The game lasted 01:01:20 (21220 turns).

b0rk the Impaler (Formicid Fighter)                Turns: 21220, Time: 01:01:20

Health: -4/126     AC:  7    Str: 33    XL:     15   Next: 51%
Magic:  20/20      EV: 10    Int:  5    God:    Okawaru [*****.]
Gold:   983        SH:  7    Dex: 19    Spells: 10/14 levels left

rFire   + . .      SeeInvis +    a - +3 bardiche (venom)
rCold   . . .      Faith    +    c - +0 buckler
rNeg    . . .      Spirit   .    W - +1 ring mail of the Pit {rPois rF+}
rPois   +          Reflect  .    (helmet unavailable)
rElec   +          Harm     .    D - +0 cloak {Will+}
rCorr   .          Rampage  .    s - +0 pair of gloves {Str+3}
Will    ++...                    y - +2 pair of boots
Stlth   +                        T - amulet of faith {!P}
HPRegen 0.41/turn                O - +4 ring of protection
MPRegen 0.17/turn                M - ring of the Princess {rElec Str+3 Dex+6 SInv}

@: corroded
A: permanent stasis, dig shafts and tunnels, antennae 3, four strong arms,
clumsy 1, dopey 1, noise suppression
a: Dig, Shaft Self, Renounce Religion, Heroism, Finesse, Duel


You were on level 14 of the Dungeon.
You worshipped Okawaru.
Okawaru was extremely pleased with you.
You visited 4 branches of the dungeon, and saw 22 of its levels.
You also visited: Gauntlet and Ice Cave.

You collected 1347 gold pieces.
You spent 364 gold pieces at shops.


Innate Abilities, Weirdness & Mutations

You cannot be hasted, slowed, berserked, paralysed or teleported.
You can dig through walls and to a lower floor.
You have a pair of large antennae on your head. (SInv)
Your four strong arms can wield two-handed weapons with a shield.
You are clumsy. (Dex -2)
You are dopey. (Int -2)
You passively dampen the noise of your surroundings.


   Skills:
 + Level 14.0 Fighting
 * Level 18.5 Polearms
 + Level 12.6 Armour
 - Level 9.0 Shields
 - Level 7.0 Invocations


You had 10 spell levels left.
You knew the following spells:

 Your Spells              Type           Power      Damage    Failure   Level
m - Manifold Assault      Tloc           0%         N/A       100%        4

Your spell library contained the following spells:

 Spells                   Type           Power      Damage    Failure   Level
 Beastly Appendage        Tmut           0%         N/A       63%         1
 Freeze                   Ice            0%         1d3       63%         1
 Sting                    Tmut/Pois      0%         1d3       63%         1
 Poisonous Vapours        Pois/Air       0%         N/A       77%         2
 Sublimation of Blood     Necr           0%         N/A       77%         2
 Wereblood                Tmut           0%         N/A       77%         2
 Frozen Ramparts          Ice            0%         1d1       94%         3
 Hailstorm                Conj/Ice       0%         3d3       94%         3
 Spider Form              Tmut/Pois      0%         N/A       94%         3
 Stone Arrow              Conj/Erth      0%         3d7       94%         3
 Ice Form                 Ice/Tmut       0%         N/A       100%        4
 Olgreb's Toxic Radiance  Pois           0%         N/A       100%        4
 Petrify                  Tmut/Erth      0%         N/A       100%        4
 Freezing Cloud           Conj/Ice/Air   0%         6-21      100%        5
 Irradiate                Conj/Tmut      0%         3d11      100%        5
 Yara's Violent Unravell  Hex/Tmut       0%         3d3       100%        5
 Dispersal                Tloc           0%         N/A       100%        6
 Enfeeble                 Hex            0%         N/A       100%        7
 Disjunction              Tloc           0%         N/A       100%        8
 Lehudib's Crystal Spear  Conj/Erth      0%         10d2      100%        8
 Animate Armour           Summ/Erth      Unusable   N/A       N/A         4

Inventory:

Hand Weapons
 a - a +3 bardiche of venom (weapon)
   (Okawaru gifted it to you on level 2 of the Orcish Mines)
 b - a +2 halberd of freezing
   (You found it in an ice cave)
 g - the +1 halberd "Vyjuawnio" {freeze, *Rage Str+3 Int+7 Dex-2}
   (You bought it in a shop on level 2 of the Orcish Mines)

   Str:       It affects your strength (+3).
   Int:       It affects your intelligence (+7).
   Dex:       It affects your dexterity (-2).
   *Rage:     It berserks you when you make melee attacks (+20% chance).
Missiles
 d - 15 poisoned darts (quivered)
 e - 5 silver javelins
 q - 3 throwing nets {=f!f}
 x - 6 datura-tipped darts
 F - 9 boomerangs
 Q - 6 javelins
 S - 5 boomerangs of dispersal {=f!f}
Armour
 c - a +0 buckler (worn)
 s - a +0 pair of gloves of strength (worn)
   (Okawaru gifted it to you on level 13 of the Dungeon)
 y - a +2 pair of boots (worn)
   (You found it on level 4 of the Dungeon)
 D - a +0 cloak of willpower (worn)
   (You took it off Maurice on level 8 of the Dungeon)
 W - the +1 ring mail of the Pit (worn) {rPois rF+}
   (You found it on level 3 of the Dungeon)

   rF:        It protects you from fire.
   rPois:     It protects you from poison.
Jewellery
 w - the ring "Jakocaik" {rElec rCorr Int+4}
   (You found it in a Gauntlet)

   [ring of resist corrosion]

   Int:       It affects your intelligence (+4).
   rElec:     It insulates you from electricity.
   rCorr:     It protects you from acid and corrosion.
 C - a ring of ice
   (You took it off a minotaur in a Gauntlet)
 L - a ring of flight
   (You found it on level 9 of the Dungeon)
 M - the ring of the Princess (right hand) {rElec Str+3 Dex+6 SInv}
   (You found it on level 11 of the Dungeon)

   [ring of dexterity]

   Str:       It affects your strength (+3).
   Dex:       It affects your dexterity (+6).
   rElec:     It insulates you from electricity.
   SInv:      It lets you see invisible.
 O - a +4 ring of protection (left hand)
   (You found it on level 4 of the Dungeon)
 T - an amulet of faith (around neck) {!P}
   (You found it on level 3 of the Lair of Beasts)
Wands
 f - a wand of flame (9)
   (You found it on level 1 of the Lair of Beasts)
 A - a wand of polymorph (8)
   (You found it on level 6 of the Dungeon)
Scrolls
 h - 3 scrolls of fog {unknown}
 i - 4 scrolls of immolation {unknown}
 j - 4 scrolls of magic mapping {unknown}
 l - 2 scrolls of vulnerability {!r!r}
 m - 13 scrolls of identify {unknown}
 t - 2 scrolls of summoning {unknown}
 v - a scroll of acquirement {unknown}
 E - 4 scrolls of fear {unknown}
 G - 2 scrolls of torment {unknown}
 H - 2 scrolls of enchant armour {unknown}
 J - 4 scrolls of noise {!r}
 K - 5 scrolls of teleportation {unknown}
 N - 3 scrolls of amnesia {unknown}
 U - a scroll of poison {unknown}
Potions
 k - 2 potions of flight
 n - 3 potions of curing {@q1}
 o - 2 potions of berserk rage {unknown}
 p - 4 potions of degeneration {unknown}
 u - 4 potions of attraction {!q}
 z - a potion of resistance {unknown}
 B - 7 potions of lignification {!q}
 I - 2 potions of ambrosia {unknown}
 R - a potion of might

Dungeon Overview and Level Annotations

Branches:
Dungeon (14/15) Zot: 26851  Temple (1/1) D:6 Zot: 5959    Lair (5/5) D:10 Zot: 25122
 Shoals (0/4) Lair:2        Snake (0/4) Lair:2        Slime (0/5) Lair:4
    Orc (2/2) D:11 Zot: 8917     Elf (0/3) Orc:2         IceCv (visited)
Gauntlet (visited)
 Vaults: D:13-14

Altars:
Ashenzari
Cheibriados
Elyvilon
Gozag
Hepliaklqana
Makhleb
Nemelex Xobeh
Okawaru
Qazlal
Sif Muna
Trog
Uskayaw
Vehumet
Wu Jian
Xom
Yredelemnul
Zin
The Shining One
Lugonu

Shops:
D:1 (   D:6 :   Orc:2 =(*!

Portals:
Abyss: D:5
Pandemonium: Orc:2

Annotations:
D:10 exclusion: orange crystal statue
D:12 1 runed translucent door
Lair:1 3 runed translucent doors, Yheidum's ghost, journeyman MiFi
Lair:4 1 runed translucent door, NinjaNoafa's ghost, journeyman FeSu

....... .......#
.......+ ......#
.....############
#.............#
#.............#
#....)...u....#
#.<.....@.....+
#.............#
##..#######...# {
#..#{ #...# #..#
#...# { #..# {
#...# {{+..+ {
#...# +..+ #<..#
#...#


You could see a brown ugly thing (extremely poisoned).


Message History

You are too injured to fight recklessly!
You are too injured to fight recklessly!
You are too injured to fight recklessly!
You carve the brown ugly thing like a ham!!!
The brown ugly thing looks as sick as possible!
The brown ugly thing barely misses you.
The brown ugly thing punches you but does no damage. 😮 HP[+1]
You completely miss the brown ugly thing.
The brown ugly thing barely misses you. The brown ugly thing punches you.
You are splashed with acid! 😮 HP[-10]
You take 10 damage, and now have 78/126 hp.
You barely miss the brown ugly thing. The brown ugly thing kicks you.
You are splashed with acid!
The brown ugly thing punches you.
You are splashed with acid.
* * * LOW HITPOINT WARNING * * *
😨 HP[-17]
You take 17 damage, and now have 61/126 hp.
You slash the brown ugly thing!
The brown ugly thing looks as sick as possible!
You block the brown ugly thing's attack.
The brown ugly thing punches you!
* * * LOW HITPOINT WARNING * * *
The acid corrodes you!
You are splashed with acid.
* * * LOW HITPOINT WARNING * * *
😨 HP[-14]
You take 14 damage, and now have 47/126 hp.
You hit the brown ugly thing but do no damage.
The brown ugly thing closely misses you.
You block the brown ugly thing's attack.
You slice the brown ugly thing like a ripe choko!!!
You kill the brown ugly thing!
Okawaru accepts your kill. The brown ugly thing kicks you!
* * * LOW HITPOINT WARNING * * *
You are splashed with acid!
* * * LOW HITPOINT WARNING * * *
😱 HP[-17]
You take 17 damage, and now have 30/126 hp.
You barely miss the brown ugly thing. The brown ugly thing barely misses you.
You hit the brown ugly thing but do no damage.
The brown ugly thing is poisoned.
The brown ugly thing kicks you but does no damage.
You slice the brown ugly thing!!
The brown ugly thing looks as sick as possible!
The brown ugly thing kicks you but does no damage. 😱 HP[+1]
You closely miss the brown ugly thing. The brown ugly thing kicks you.
* * * LOW HITPOINT WARNING * * *
The acid corrodes you!
You are splashed with acid!
* * * LOW HITPOINT WARNING * * *
😱 HP[-14]
You take 14 damage, and now have 17/126 hp.
You barely miss the brown ugly thing. The brown ugly thing kicks you.
* * * LOW HITPOINT WARNING * * *
The acid corrodes you!
You are splashed with acid!
* * * LOW HITPOINT WARNING * * *
😱 HP[-9]
You take 9 damage, and now have 8/126 hp.
You feel much better.
The brown ugly thing completely misses you. 😱 HP[+22]
You regained 22 hp, and now have 30/126 hp.
You closely miss the brown ugly thing.
You block the brown ugly thing's attack.
You slash the brown ugly thing!
The brown ugly thing looks as sick as possible!
The brown ugly thing barely misses you. 😱 HP[+1]
You completely miss the brown ugly thing.
The brown ugly thing kicks you.
* * * LOW HITPOINT WARNING * * *
You are splashed with acid!
* * * LOW HITPOINT WARNING * * *
😱 HP[-12]
You take 12 damage, and now have 19/126 hp.
You closely miss the brown ugly thing.
The brown ugly thing kicks you but does no damage. 😱 HP[+1]
You hit the brown ugly thing but do no damage.
The brown ugly thing kicks you.
* * * LOW HITPOINT WARNING * * *
You are splashed with acid!
* * * LOW HITPOINT WARNING * * *
😱 HP[-16]
You take 16 damage, and now have 4/126 hp.
You feel much better. The brown ugly thing kicks you!
* * * LOW HITPOINT WARNING * * *
You are splashed with acid!
* * * LOW HITPOINT WARNING * * *
😱 HP[+9]
You regained 9 hp, and now have 13/126 hp.
You hit the brown ugly thing but do no damage.
The brown ugly thing looks as sick as possible!
The brown ugly thing completely misses you.
You barely miss the brown ugly thing. The brown ugly thing kicks you!
* * * LOW HITPOINT WARNING * * *
You are splashed with acid!
You die...

Skill      XL: |  1  2  3  4  5  6  7  8  9 10 11 12 13 14 15 |
---------------+----------------------------------------------+-----
Polearms       | 3 4 5 6 7 9 10 11 13 14 16 17 18 | 18.5
Fighting       | 4 5 6 8 9 10 12 13 14 | 14.0
Shields        | 5 6 8 9 |  9.0
Invocations    | 3 5 7 |  7.0
Armour         | 4 6 8 10 11 12 | 12.6

Action                     |  1- 3 |  4- 6 |  7- 9 | 10-12 | 13-15 || total
---------------------------+-------+-------+-------+-------+-------++-------
  Melee: Trident           |    87 |    85 |       |   398 |   488 ||  1058
         Hand axe          |       |    35 |   332 |   267 |       ||   634
         Halberd           |       |       |       |       |   430 ||   430
         Bardiche          |       |       |       |       |   226 ||   226
  Throw: Stone             |     5 |     6 |    13 |     1 |       ||    25
         Dart              |       |       |       |    11 |     9 ||    20
 Invoke: Heroism           |       |       |     2 |     6 |     3 ||    11
         Finesse           |       |       |       |     2 |     8 ||    10
Ability: Dig               |     2 |       |       |     2 |     2 ||     6
  Evoke: Wand              |     1 |    10 |     4 |     8 |     1 ||    24
    Use: Potion            |       |       |     1 |    10 |     6 ||    17
         Scroll            |       |       |     1 |     1 |       ||     2
 Armour: Scale mail        |    27 |     7 |       |       |       ||    34
         Leather armour    |       |     2 |       |       |       ||     2
         Ring mail         |       |    22 |   145 |   272 |   302 ||   741
         Skin              |       |       |       |    54 |       ||    54
  Dodge: Dodged            |    34 |    43 |   129 |   249 |   299 ||   754
  Block: Buckler           |    16 |    16 |    88 |   185 |   201 ||   506

Levels and vault maps discovered:
D:1:      dpeg_arrival_snail, layout_basic, serial_glass, glass_columns_a,
          glass_columns_b, glass_columns_a, glass_columns_a, glass_columns_c,
          glass_columns_a, item_on_display_a, item_on_display_a, serial_shops,
          nicolae_shop_advertising_works [nicolae_subvault_shop_adworks]
D:2:      layout_rooms, uniq_terence
D:3:      layout_basic, chequers_jeans, kennysheep_generic_room_12
D:4:      layout_rooms
D:5:      layout_basic, minmay_misc_feat_x, minmay_misc_feat_four_crosses,
          amcnicky_altar_lugonu_corruption
D:6:      layout_loops_corners, lemuel_zombie_altar_yredelemnul,
          temple_fountains, hangedman_decor_growths, st_stairs_3,
          nicolae_shop_self_help, uniq_menkaure
D:7:      layout_basic, jmf_multi_god_temple, lemuel_tele_altar
D:8:      layout_rooms, uniq_maurice
D:9:      layout_rooms
D:10:     layout_small_grid, lemuel_doored_altar, lair_entry_dummy,
          minmay_holes, kennysheep_decorative_pillar, minmay_protected_statue
D:11:     layout_roguey, orc_0_dummy, portal_ice_cave_entry_pillars_2,
          minmay_hedge_maze, nicolae_ashenzari_panopticon
D:12:     layout_roguey, serial_ice, serial_ice_i, serial_ice_c, serial_ice_f,
          serial_ice_e, lightli_airlock, uniq_josephine
D:13:     layout_rooms, nicolae_sif_muna_little_library
D:14:     layout_gridville, skrybe_vaults_entry_preservation, serial_shops,
          nicolae_shop_bloodbath_and_beyond, statue_in_the_mist_lemuel,
          minmay_misc_feat_room, kennysheep_another_room,
          chequers_serial_rivers_micro_e, uniq_jorgrun
Temple:   nicolae_temple_bog_church
Lair:1:   layout_chaotic_city, gammafunk_ghost_icy
Lair:2:   wander_river, layout_cave_pods, shoals_dummy_entry,
          guppyfry_snake_entry_garden, gauntlet_entry_generic
Lair:3:   layout_chaotic_city, columned_hall_lemuel,
          dreamdust_deal_with_the_devil, nicolae_lair_run_with_the_wolves
Lair:4:   layout_roguey, nicolae_slime_entry_field_trip,
          hellmonk_ghost_happy_afterlife
Lair:5:   wormcave, layout_cave_pods, wad_woods_road_06, serial_bayou_shore_b,
          lemuel_fruit_fields
Orc:1:    layout_caves, uniq_urug
Orc:2:    pf_orc_diabolical, layout_caves, minmay_orc_temple_c

Notes
Turn   | Place    | Note
-------+----------+-------------------------------------------
     0 | D:1      | b0rk the Formicid Fighter began the quest for the Orb.
     0 | D:1      | Reached XP level 1. HP: 18/18 MP: 1/1
     0 | D:1      | magus.rc [v1.11.4]
   143 | D:1      | Reached XP level 2. HP: 24/24 MP: 2/2
   384 | D:1      | Found Nuamp's Weapon Emporium.
   401 | D:1      | You fall into a shaft and drop 1 floor!
   689 | D:2      | Reached XP level 3. HP: 24/29 MP: 3/3
  1054 | D:2      | Reached skill level 3 in Polearms
  1059 | D:2      | HP: 7/29 [gnoll/+0 flail (8)]
  1066 | D:2      | HP: 2/29 [gnoll/+0 flail (6)]
  1069 | D:2      | Reached XP level 4. HP: 5/35 MP: 4/4
  1192 | D:2      | Noticed Terence
  1219 | D:2      | Killed Terence
  1220 | D:2      | Reached skill level 4 in Polearms
  1402 | D:3      | Identified the +1 ring mail of the Pit {rPois rF+}
  1414 | D:3      | Reached XP level 5. HP: 41/41 MP: 5/5
  1503 | D:3      | You add the spells Sting, Poisonous Vapours and Olgreb's
                  | Toxic Radiance to your library.
  1730 | D:3      | Noticed a black bear
  1761 | D:3      | Killed a black bear
  1762 | D:3      | Reached skill level 5 in Polearms
  1762 | D:3      | Reached XP level 6. HP: 47/47 MP: 6/6
  2171 | D:4      | Reached skill level 6 in Polearms
  2304 | D:4      | Noticed an ogre
  2314 | D:4      | Killed an ogre
  2315 | D:4      | Reached XP level 7. HP: 42/52 MP: 7/7
  2424 | D:4      | Reached skill level 7 in Polearms
  2611 | D:5      | Entered Level 5 of the Dungeon
  2835 | D:5      | Found a corrupted altar of Lugonu.
  2835 | D:5      | Found a one-way gate to the infinite horrors of the Abyss.
  2964 | D:5      | Reached skill level 4 in Fighting
  2964 | D:5      | Reached skill level 5 in Shields
  2986 | D:5      | Reached XP level 8. HP: 60/60 MP: 8/8
  3034 | D:5      | Reached skill level 8 in Polearms
  3386 | D:6      | Found Tustim's Self-Improvement Boutique.
  3417 | D:6      | Reached skill level 5 in Fighting
  3506 | D:6      | Found a staircase to the Ecumenical Temple.
  3519 | D:6      | Reached skill level 6 in Shields
  3522 | Temple   | Entered the Ecumenical Temple
  3554 | Temple   | Became a worshipper of Warmaster Okawaru
  3663 | D:6      | You pick up a book of Alchemy and begin reading...
  3663 | D:6      | You add the spells Sublimation of Blood, Petrify and
                  | Irradiate to your library.
  3787 | D:6      | Noticed Menkaure
  3800 | D:6      | Killed Menkaure
  3867 | D:6      | You pick up a book of Frost and begin reading...
  3867 | D:6      | You add the spells Freeze, Frozen Ramparts and Hailstorm to
                  | your library.
  3936 | D:6      | Reached skill level 9 in Polearms
  3936 | D:6      | Reached XP level 9. HP: 45/68 MP: 9/9
  3949 | D:6      | Reached * piety under Okawaru
  4064 | D:6      | Found a basalt altar of Yredelemnul.
  4201 | D:6      | Reached skill level 7 in Shields
  4201 | D:6      | Reached skill level 1 in Invocations
  4437 | D:7      | Reached skill level 6 in Fighting
  4443 | D:7      | Found a burning altar of Makhleb.
  4443 | D:7      | Found an ornate altar of the Wu Jian Council.
  4492 | D:7      | Reached skill level 2 in Invocations
  4563 | D:7      | Reached ** piety under Okawaru
  4596 | D:7      | HP: 12/62 [wight/+5 battleaxe (17)]
  4717 | D:7      | Found a stormy altar of Qazlal.
  4726 | D:7      | Reached skill level 10 in Polearms
  4756 | D:7      | Reached skill level 3 in Invocations
  5004 | D:7      | You pick up a book of the Warp and begin reading...
  5004 | D:7      | You add the spells Manifold Assault, Dispersal and
                  | Disjunction to your library.
  5023 | D:7      | Learned a level 4 spell: Manifold Assault
  5029 | D:7      | Reached skill level 8 in Shields
  5085 | D:8      | Noticed Maurice
  5126 | D:8      | Reached XP level 10. HP: 75/77 MP: 12/12
  5293 | D:7      | Reached skill level 7 in Fighting
  5293 | D:7      | Reached skill level 4 in Invocations
  5604 | D:8      | Killed Maurice
  5605 | D:8      | Reached skill level 11 in Polearms
  5605 | D:8      | Reached skill level 9 in Shields
  5656 | D:8      | You pick up a book of Alchemy and begin reading...
  5758 | D:8      | Reached skill level 5 in Invocations
  5844 | D:8      | Reached *** piety under Okawaru
  6129 | D:9      | Reached skill level 4 in Armour
  6565 | D:10     | Entered Level 10 of the Dungeon
  6631 | D:10     | Reached skill level 8 in Fighting
  6633 | D:10     | Reached XP level 11. HP: 56/86 MP: 13/15
  6646 | D:10     | Noticed an orange crystal statue
  6749 | D:10     | Noticed a two-headed ogre
  6757 | D:10     | Killed a two-headed ogre
  6757 | D:10     | Reached **** piety under Okawaru
  6758 | D:10     | Reached skill level 5 in Armour
  6758 | D:10     | Reached skill level 6 in Invocations
  6768 | D:10     | Reached skill level 12 in Polearms
  6793 | D:10     | Found a glowing golden altar of the Shining One.
  6815 | D:10     | Found a staircase to the Lair.
  7048 | D:10     | Reached ***** piety under Okawaru
  7079 | D:10     | Reached skill level 7 in Invocations
  7394 | D:10     | Noticed a two-headed ogre
  7407 | D:10     | Gained mutation: Your spells are a little easier to cast,
                  | but a little less powerful. [potion of mutation]
  7407 | D:10     | Gained mutation: Armour fits poorly on your strangely
                  | shaped body. [potion of mutation]
  7505 | Lair:1   | Entered Level 1 of the Lair of Beasts
  7616 | Lair:1   | Found a runed translucent gate.
  7616 | Lair:1   | Found a runed translucent gate.
  7616 | Lair:1   | Found a runed translucent gate.
  7670 | Lair:1   | Reached skill level 6 in Armour
  7671 | Lair:1   | Reached skill level 9 in Fighting
  7685 | Lair:1   | Noticed Yheidum's ghost (journeyman MiFi)
  7790 | Lair:1   | Lost mutation: Armour fits poorly on your strangely shaped
                  | body. [potion of mutation]
  7790 | Lair:1   | Lost mutation: Your spells are a little easier to cast, but
                  | a little less powerful. [potion of mutation]
  7790 | Lair:1   | Lost intelligence.
  7790 | Lair:1   | Gained mutation: You are dopey. (Int -2) [potion of
                  | mutation]
  7790 | Lair:1   | Gained mutation: You occasionally lose the ability to read
                  | scrolls when taking damage. [potion of mutation]
  7790 | Lair:1   | Gained mutation: Your spells are a little harder to cast,
                  | but a little more powerful. [potion of mutation]
  8014 | Lair:1   | You pick up a book of Changes and begin reading...
  8014 | Lair:1   | You add the spells Beastly Appendage, Wereblood and Spider
                  | Form to your library.
  8315 | Lair:1   | magus.rc [v1.11.4]
  8358 | Lair:2   | Found a gate leading to a gauntlet.
  8380 | Gauntlet | Entered a Gauntlet
  8380 | Gauntlet | Noticed a ghost crab
  8380 | Gauntlet | Found a transporter.
  8383 | Gauntlet | Found a transporter.
  8385 | Gauntlet | Found a transporter.
  8389 | Gauntlet | Found a transporter.
  8400 | Gauntlet | Found a runed translucent gate.
  8400 | Gauntlet | Noticed a hell beast
  8401 | Gauntlet | Found a transporter.
  8401 | Gauntlet | Found a transporter.
  8401 | Gauntlet | Found a runed translucent gate.
  8402 | Gauntlet | Found a transporter.
  8403 | Gauntlet | Found a transporter.
  8446 | Gauntlet | Found a runed translucent gate.
  8447 | Gauntlet | Noticed a hell hog
  8454 | Gauntlet | Noticed a dire elephant
  8458 | Gauntlet | Found a transporter.
  8458 | Gauntlet | Noticed an elephant
  8464 | Gauntlet | Noticed a catoblepas
  8465 | Gauntlet | Found a transporter.
  8466 | Gauntlet | Found a transporter.
  8470 | Gauntlet | Found a runed translucent door.
  8472 | Gauntlet | Found a runed translucent door.
  8510 | Gauntlet | Noticed a four-headed hydra
  8516 | Gauntlet | Found a transporter.
  8550 | Gauntlet | Killed a four-headed hydra
  8552 | Gauntlet | Identified the ring "Jakocaik" {rElec rCorr Int+4}
  8603 | Gauntlet | Noticed a minotaur
  8620 | Gauntlet | Killed a minotaur
  8621 | Gauntlet | Reached skill level 13 in Polearms
  8621 | Gauntlet | Reached XP level 12. HP: 75/96 MP: 10/17
  8628 | Gauntlet | Identified the +1 halberd "Rifoam" {freeze, rElec rF+ Str-4
                  | Dex+3 SInv}
  8629 | Gauntlet | You pick up a book of Armaments and begin reading...
  8629 | Gauntlet | You add the spells Stone Arrow and Lehudib's Crystal Spear
                  | to your library.
  8879 | Lair:2   | Reached skill level 7 in Armour
  8907 | Lair:2   | Found a staircase to the Snake Pit.
  9394 | Lair:2   | Found a staircase to the Shoals.
  9718 | Lair:3   | Reached skill level 10 in Fighting
  9750 | Lair:3   | Received a gift from Okawaru
  9771 | Lair:3   | Reached skill level 14 in Polearms
  9799 | Lair:3   | Reached skill level 8 in Armour
 10389 | Lair:3   | Reached XP level 13. HP: 85/105 MP: 18/18
 10823 | Lair:4   | Reached skill level 11 in Fighting
 10846 | Lair:4   | Reached skill level 15 in Polearms
 10858 | Lair:4   | Reached skill level 9 in Armour
 11057 | Lair:4   | Noticed NinjaNoafa's ghost (journeyman FeSu)
 11099 | Lair:4   | Identified the +2 trident "Wiabontiras" {drain, Stlth+}
                  | (Okawaru gifted it to you on level 4 of the Lair of Beasts)
 11099 | Lair:4   | Received a gift from Okawaru
 11198 | Lair:4   | Found a runed translucent door.
 11251 | Lair:4   | Found a staircase to the Slime Pits.
 11354 | Lair:4   | Noticed an eight-headed hydra
 11404 | Lair:4   | Reached ****** piety under Okawaru
 11974 | Lair:4   | You pick up a book of Misfortune and begin reading...
 11974 | Lair:4   | You add the spells Yara's Violent Unravelling and Enfeeble
                  | to your library.
 12178 | Lair:4   | HP: 19/107 [elephant (13)]
 12178 | Lair:4   | HP: 7/107 [elephant (12)]
 12183 | Lair:4   | HP: 15/107 [elephant (3)]
 12193 | Lair:4   | HP: 25/107 [elephant (9)]
 12194 | Lair:4   | Received a gift from Okawaru
 12395 | Lair:5   | Entered Level 5 of the Lair of Beasts
 12466 | Lair:5   | Noticed a six-headed hydra
 12632 | D:11     | Found a staircase to the Orcish Mines.
 12651 | D:11     | Found a frozen archway.
 12660 | IceCv    | Entered an ice cave
 12762 | IceCv    | You add the spells Ice Form and Freezing Cloud to your
                  | library.
 12762 | IceCv    | Got the Grimoire of the Chill
 13031 | IceCv    | Reached skill level 10 in Armour
 13320 | IceCv    | Reached skill level 16 in Polearms
 13420 | IceCv    | Reached skill level 12 in Fighting
 13768 | IceCv    | Noticed a quicksilver ooze
 13778 | IceCv    | Killed a quicksilver ooze
 13885 | IceCv    | Found a viscous altar of Jiyva.
 13885 | IceCv    | Noticed an azure jelly
 13900 | IceCv    | Killed an azure jelly
 13901 | IceCv    | Reached XP level 14. HP: 86/115 MP: 12/19
 13941 | IceCv    | Noticed an azure jelly
 13952 | IceCv    | Killed an azure jelly
 13965 | IceCv    | Identified the +3 leather armour of Pathos {Str+3}
 13967 | IceCv    | Identified the amulet of Cheibriados, Smoking {Acrobat
                  | Str+3 Int+3}
 13970 | IceCv    | Got the +1 mace "Texan" {freeze, Str+2}
 14054 | D:11     | Found a broken altar of Ashenzari.
 14547 | D:11     | Identified the ring of the Princess {rElec Str+3 Dex+6
                  | SInv}
 15063 | Orc:1    | Entered Level 1 of the Orcish Mines
 15064 | Orc:1    | Noticed Urug
 15076 | D:11     | Killed Urug
 15328 | Orc:1    | Noticed an orc warlord
 15578 | Orc:1    | HP: 24/115 [orc warlord/bolt (29)]
 15834 | Orc:1    | Killed an orc warlord
 16097 | Orc:2    | Entered Level 2 of the Orcish Mines
 16163 | Orc:2    | Reached skill level 11 in Armour
 16164 | Orc:2    | Found a staircase to the Elven Halls.
 16288 | Orc:2    | Found Jah Jepp's Distillery.
 16298 | Orc:2    | Found Ceutzu's General Store.
 16349 | Orc:2    | Reached skill level 17 in Polearms
 16668 | Orc:2    | Bought a potion of mutation for 112 gold pieces
 16679 | Orc:2    | Lost mutation: You occasionally lose the ability to read
                  | scrolls when taking damage. [potion of mutation]
 16679 | Orc:2    | Lost mutation: Your spells are a little harder to cast, but
                  | a little more powerful. [potion of mutation]
 16679 | Orc:2    | Gained mutation: You are clumsy. (Dex -2) [potion of
                  | mutation]
 16679 | Orc:2    | Gained mutation: You passively dampen the noise of your
                  | surroundings. [potion of mutation]
 16943 | Orc:2    | Reached skill level 13 in Fighting
 18005 | Orc:2    | Received a gift from Okawaru
 18277 | Orc:2    | HP: 29/118 [orc high priest/+0 glaive (13)]
 18280 | Orc:2    | Reached XP level 15. HP: 64/124 MP: 20/20
 18482 | Orc:2    | Found Zibbotwe's Jewellery Emporium.
 18482 | Orc:2    | Found a one-way gate leading to the halls of Pandemonium.
 18482 | Orc:2    | Found Kemu's Antique Weapon Shoppe.
 18495 | Orc:2    | Received a gift from Okawaru
 18503 | Orc:2    | Bought a dazzling halberd for 252 gold pieces
 18503 | Orc:2    | Identified the +1 halberd "Vyjuawnio" {freeze, *Rage Str+3
                  | Int+7 Dex-2} (You bought it in a shop on level 2 of the
                  | Orcish Mines)
 18954 | D:12     | Reached skill level 12 in Armour
 19292 | D:12     | Found a runed translucent door.
 19414 | D:12     | Noticed Josephine
 19435 | D:12     | Killed Josephine
 19436 | D:12     | Reached skill level 18 in Polearms
 20158 | D:13     | Identified the +2 robe of Impermeability {Str+2}
 20275 | D:13     | Received a gift from Okawaru
 20305 | D:13     | HP: 30/125 [tengu warrior/+0 great sword (7)]
 21046 | D:13     | Found a shimmering blue altar of Sif Muna.
 21178 | D:14     | Noticed Jorgrun
 21190 | D:14     | Killed Jorgrun
 21191 | D:14     | Reached skill level 14 in Fighting
 21206 | D:14     | HP: 30/126 [acid (9)]
 21211 | D:14     | HP: 16/126 [brown ugly thing (2)]
 21217 | D:14     | HP: 14/126 [brown ugly thing (6)]
 21217 | D:14     | HP: 4/126 [acid (10)]
 21220 | D:14     | Splashed by a brown ugly thing's acid

Vanquished Creatures
  Jorgrun (D:14)
  2 azure jellies (IceCv)
  An orc warlord (Orc:1)
  A quicksilver ooze (IceCv)
  A minotaur (Gauntlet)
  Josephine (D:12)
  2 demonspawn (Orc:2)
  A hydra (Gauntlet)
  A centaur warrior (D:13)
  A two-headed ogre (D:10)
  5 orc high priests (Orc:2)
  A tengu warrior (D:13)
  Urug (D:11)
  A sun demon (Orc:2)
  A fire crab (shapeshifter) (D:13)
  4 orc knights (Orc:2)
  A lindwurm (Lair:3)
  A wolf spider (Lair:3)
  11 orc sorcerers
  2 cyclopes
  2 manticores (D:13)
  4 ugly things
  A deep elf pyromancer (D:13)
  9 elephants (Lair:4)
  Maurice (D:8)
  2 ice statues (IceCv)
  2 gargoyles
  2 torpor snails
  7 cane toads
  2 orange demons (Orc:2)
  2 komodo dragons (Lair:3)
  A rime drake (Lair:3)
  An unseen horror (D:11)
  3 meliai (D:13)
  4 trolls
  2 polar bears (Lair:2)
  20 blink frogs
  8 dream sheep
  23 slime creatures
  4 centaur simulacra (D:12)
  5 wraiths
  30 yaks
  2 shadows
  A vampire (D:12)
  3 wyverns
  A basilisk (shapeshifter) (D:13)
  A basilisk (Lair:4)
  8 vampire mosquitoes
  A chaos spawn (Orc:2)
  Menkaure (D:6)
  A naga (Lair:2)
  3 wargs
  2 acid dragons
  9 water moccasins
  A black bear (D:3)
  26 orc warriors
  2 ice beasts
  2 great orb of eyes simulacra (IceCv)
  12 ogres
  7 centaurs
  13 wolves
  3 slime creature simulacra (IceCv)
  2 phantoms
  A kobold brigand (D:7)
  6 bullfrogs
  3 scorpions
  A gnoll sergeant (D:7)
  2 necrophages (D:6)
  10 wights
  21 killer bees
  A howler monkey (D:9)
  3 electric eels
  A bullfrog zombie (D:6)
  5 hounds
  6 jellies
  32 orc priests
  A gnoll bouda (D:8)
  2 iguanas
  Terence (D:2)
  14 orc wizards
  3 shapeshifter simulacra (IceCv)
  A killer bee zombie (D:6)
  6 adders
  13 gnolls
  A shadow imp (D:7)
  5 white imps
  An ufetubus (D:6)
  A worm (D:2)
  60 orcs
  9 endoplasms
  3 giant cockroaches
  10 goblins
  7 hobgoblins
  6 quokkas
  8 ball pythons
  4 bats
  3 frilled lizards
  10 kobolds
  2 rats
  A bush (D:11)
  A lurking horror (D:5)
541 creatures vanquished.

Vanquished Creatures (others)
  An orc (Orc:2)
  4 demonic plants (Gauntlet)
  16 fungi
  A lurking horror (D:5)
  14 plants
36 creatures vanquished.

Grand Total: 577 creatures vanquished

Table legend:
 A = Non-vault XP
 B = Vault XP
 C = Vault XP percentage of total XP
 D = Non-vault monster count
 E = Vault monster count
 F = Vault count percentage of total count
                 A         B        C        D         E       F
            +---------+---------+-------+---------+---------+-------
      Total |   53136 |   38130 |  41.8 |     378 |     161 |  29.9
            +---------+---------+-------+---------+---------+-------
        D:1 |      26 |       0 |   0.0 |      15 |       0 |   0.0
        D:2 |      70 |      36 |  34.0 |      19 |       1 |   5.0
        D:3 |     173 |       0 |   0.0 |      21 |       0 |   0.0
        D:4 |     325 |       0 |   0.0 |      16 |       0 |   0.0
        D:5 |     809 |       0 |   0.0 |      19 |       0 |   0.0
        D:6 |     594 |     377 |  38.8 |      15 |       5 |  25.0
        D:7 |    1964 |     175 |   8.2 |      36 |       2 |   5.3
        D:8 |     965 |     469 |  32.7 |      20 |       1 |   4.8
        D:9 |    1160 |       0 |   0.0 |      12 |       0 |   0.0
       D:10 |    4574 |       0 |   0.0 |      28 |       0 |   0.0
       D:11 |    2952 |     806 |  21.4 |      18 |       2 |  10.0
       D:12 |    2150 |    2997 |  58.2 |      14 |      15 |  51.7
       D:13 |    8272 |       0 |   0.0 |      20 |       0 |   0.0
       D:14 |    1092 |    1722 |  61.2 |       2 |       1 |  33.3
     Lair:1 |    1498 |       0 |   0.0 |       7 |       0 |   0.0
     Lair:2 |    3471 |     163 |   4.5 |      16 |       1 |   5.9
     Lair:3 |    8238 |    1681 |  16.9 |      29 |      10 |  25.6
     Lair:4 |    9434 |     128 |   1.3 |      33 |       3 |   8.3
      Orc:1 |    2636 |       0 |   0.0 |      16 |       0 |   0.0
      Orc:2 |    2262 |   18963 |  89.3 |      20 |      91 |  82.0
      IceCv |     471 |    8368 |  94.7 |       2 |      26 |  92.9
   Gauntlet |       0 |    2245 | 100.0 |       0 |       3 | 100.0
            +---------+---------+-------+---------+---------+-------

Illustrated notes

Table legend:
 A = Kills in this place as a percentage of kills in entire the game.
 B = Kills by you in this place as a percentage of kills by you in the entire game.
 C = Kills by friends in this place as a percentage of kills by friends in the entire game.
 D = Other kills in this place as a percentage of other kills in the entire game.
 E = Experience gained in this place as a percentage of experience gained in the entire game.
 F = Experience gained in this place divided by the number of levels of this place that you have seen.
                   A       B       C       D       E      F
               +-------+-------+-------+-------+-------+----------------------
         Total | 100.0 | 100.0 |   N/A |   N/A | 100.0 | 3802.8
       Dungeon |  52.3 |  52.3 |   N/A |   N/A |  34.7 | 2264.9
          Lair |  18.4 |  18.4 |   N/A |   N/A |  27.0 | 4922.6
  Orcish Mines |  23.6 |  23.6 |   N/A |   N/A |  26.1 | 11930.5
      Ice Cave |   5.2 |   5.2 |   N/A |   N/A |   9.7 | 8839.0
      Gauntlet |   0.6 |   0.6 |   N/A |   N/A |   2.5 | 2245.0
               +-------+-------+-------+-------+-------+----------------------

Table legend: (Time is in decaauts)
 A = Elapsed time spent in this place.
 B = Non-inter-level travel time spent in this place.
 C = Inter-level travel time spent in this place.
 D = Time resting spent in this place.
 E = Time spent auto-exploring this place.
 F = Levels seen in this place.
 G = Mean time per level.
                   A        B        C        D        E       F      G
               +--------+--------+--------+--------+--------+-----+--------+
         Total |  21181 |  20064 |   1117 |   4004 |  10221 |  24 |  882.5 |
       Dungeon |  11585 |  10811 |    774 |   1536 |   6082 |  14 |  827.5 |
        Temple |     40 |     33 |      7 |      0 |      0 |   1 |   40.0 |
          Lair |   4878 |   4593 |    285 |    694 |   2984 |   5 |  975.6 |
  Orcish Mines |   3082 |   3031 |     51 |    986 |   1105 |   2 | 1541.0 |
      Ice Cave |   1281 |   1281 |      0 |    773 |     49 |   1 | 1281.0 |
      Gauntlet |    312 |    312 |      0 |     15 |      0 |   1 |  312.0 |
               +--------+--------+--------+--------+--------+-----+--------+

Top non-repeatable levels by time:
   Orc:2: 2197 daAuts
    D:11: 1749 daAuts
  Lair:3: 1325 daAuts
   IceCv: 1281 daAuts
  Lair:4: 1265 daAuts
    D:12: 1134 daAuts
    D:13: 1116 daAuts
  Lair:1: 1114 daAuts
  Lair:2: 1091 daAuts
     D:6: 1037 daAuts
     D:7: 1007 daAuts
    D:10: 945 daAuts
   Orc:1: 884 daAuts
     D:5: 746 daAuts
     D:2: 738 daAuts
